 Dungeon Crawl Stone Soup version 0.31.0-7-gf635a9b802 (webtiles) character file.

Game seed: 12027154518184442848

23 zenocrate the Sneak (level 2, -1/13 HPs)
             Began as a Vine Stalker Enchanter on Jan 23, 2024.
             Killed by divine providence
             ... invoked by an orc priest
              (12 damage)
             ... on level 2 of the Dungeon.
             The game lasted 00:00:50 (1145 turns).

zenocrate the Sneak (Vine Stalker Enchanter)        Turns: 1145, Time: 00:00:51

Health: -1/13      AC:  2    Str: 10    XL:     2   Next: 95%
Magic:  0/6        EV: 12    Int: 15    God:
Gold:   60         SH:  0    Dex: 14    Spells: 3/5 levels left

rFire   . . .        a - +1 dagger
rCold   . . .        (no shield)
rNeg    . . .        b - +0 robe
rPois   .            (no helmet)
rElec   .            (no cloak)
rCorr   .            (no gloves)
SInv    .            (no boots)
Will    .....        (no amulet)
Stlth   +++          (no ring)
HPRegen 1.02/turn    (no ring)
MPRegen 0.10/turn

%: guardian spirit
@: no status effects
A: fangs 2, regeneration 1, magic shield, antimagic bite, no potion heal 2
a: no special abilities


You were on level 2 of the Dungeon.
You visited 1 branch of the dungeon, and saw 2 of its levels.

You collected 60 gold pieces.

Inventory:

Hand Weapons
 a - a +1 dagger (weapon)
Armour
 b - a +0 robe (worn)
Scrolls
 d - 2 scrolls of enchant weapon {unknown}
Potions
 c - 2 potions of invisibility
 e - a potion of magic {unknown}
 f - a potion of mutation {unknown}
 g - a potion of might {unknown}


   Skills:
 + Level 1.2 Short Blades
 + Level 1.8 Dodging
 * Level 4.1 Stealth
 - Level 2.1 Spellcasting
 + Level 3.2 Hexes
 + Level 0.3 Ice Magic


You had 3 spell levels left.
You knew the following spells:

 Your Spells              Type           Power      Damage    Failure   Level
a - Ensorcelled Hibernat  Hex/Ice        14%        N/A       16%         2

Your spell library contained the following spells:

 Spells                   Type           Power      Damage    Failure   Level
 Confusing Touch          Hex            11%        N/A       17%         3
 Tukima's Dance           Hex            11%        N/A       17%         3
 Sandblast                Erth           2%         2d4       22%         1
 Dazzling Flash           Conj/Hex       12%        N/A       32%         3
 Passwall                 Erth           1%         N/A       54%         3
 Stone Arrow              Conj/Erth      2%         3d7       54%         3
 Brom's Barrelling Bould  Conj/Erth      1%         2d3       91%         4


Dungeon Overview and Level Annotations

Branches:
Dungeon (2/15)

Altars:


Innate Abilities, Weirdness & Mutations

You have extremely sharp teeth.
Your natural rate of healing is unusually fast.
When hurt, damage is shared between your health and your magic reserves.
Your bite disrupts and absorbs the magic of your enemies.
Potions cannot restore your health.


Message History

Casting: Ensorcelled Hibernation (safe; 16% risk of failure)
Confirm with . or Enter, or press ? or * to list all spells.
You don't have enough magic to cast this spell.
Unknown command.
Unknown command.
You closely miss the orc. You bite the orc. You drain its power.
You feel invigorated.
The orc is moderately wounded.
The orc closely misses you.
Unknown command.
Casting: Ensorcelled Hibernation (safe; 16% risk of failure)
Confirm with . or Enter, or press ? or * to list all spells.
Aiming: Ensorcelled Hibernation (safe; 16% risk of failure)
Press: ? - help, Shift-Dir - straight line, f - orc
Aim: an orc, wielding a +0 hand axe (moderately wounded, chance to affect: 58%)
You miscast Ensorcelled Hibernation.
You are very lightly contaminated with residual magic.
Nothing appears to happen.
The orc hits you but does no damage.
Unknown command.
You hit the orc. Your bite misses the orc.
The orc is severely wounded.
The orc hits you with a +0 hand axe.
You are too injured to fight recklessly!
You barely miss the orc. You bite the orc.
You kill the orc!
Unknown command.
Your magical contamination has completely faded away.
HP restored.
Key pressed, stopping explore.
No target in view!
Magic restored.
Done exploring.
You climb downwards.
The orc barely misses you.
There is a stone staircase leading up here.
Unknown command.
The orc hits you with a +0 whip. The orc misses you.
The orc priest mumbles some strange prayers to Beogh against you.
Beogh smites you!
Ouch! That really hurt!
You die...

####### #.....#
#.....###########
#..............>.
#.....#........#
#.....#........#
###...#........#
###...o......#
##...@.....#
##.o.o....#
#......o.#####
#.....g.......
#...........o.
##.###........
#.. #........ ##.
.........
.#.##......


You could see an orc priest, 3 orcs and a goblin.

Vanquished Creatures
  An orc (D:1)
  3 endoplasms (D:1)
  A giant cockroach (D:1)
  2 goblins (D:1)
  A quokka (D:1)
  2 ball pythons (D:1)
  2 bats (D:1)
  2 frilled lizards
  5 kobolds (D:1)
  3 rats (D:1)
22 creatures vanquished.

Notes
Turn   | Place    | Note
-------+----------+-------------------------------------------
     0 | D:1      | zenocrate the Vine Stalker Enchanter began the quest for
                  | the Orb.
     0 | D:1      | Reached XP level 1. HP: 9/9 MP: 4/4
   106 | D:1      | Reached skill level 1 in Short Blades
   285 | D:1      | Reached XP level 2. HP: 10/13 MP: 1/6
   288 | D:1      | Learned a level 2 spell: Ensorcelled Hibernation
   780 | D:1      | Reached skill level 4 in Stealth
  1145 | D:2      | Killed from afar by an orc priest

Illustrated notes

Levels and vault maps discovered:
D:1:      matt_arrival_grand_opening, layout_basic
D:2:      layout_rooms

Skill      XL: |  1  2 |
---------------+-------+-----
Short Blades   | 1 |  1.2
Stealth        | 4 |  4.1
Dodging        | |  1.8
Spellcasting   | |  2.1
Hexes          | |  3.2
Ice Magic      | |  0.3

Action                     || total
---------------------------++-------
  Melee: Dagger            ||    46
         Bite              ||     9
   Cast: Ensorcelled Hiber ||     2
   Stab: Sleeping          ||    10
 Armour: Robe              ||    20
  Dodge: Dodged            ||    20
